 Dungeon Crawl Stone Soup version 0.23.1-37-gaa34b87 (webtiles) character file.

Game seed: 1250448452944882559

78918 vishdafish the Transmogrifier (level 15, -19/107 HPs)
             Began as an Octopode Fighter on Mar 22, 2019.
             Was an Initiate of Gozag.
             Killed from afar by a shock serpent (23 damage)
             ... with a bolt of electricity
             ... on level 1 of the Snake Pit.
             The game lasted 00:59:39 (24718 turns).

vishdafish the Transmogrifier (Octopode Fighter)   Turns: 24718, Time: 00:59:43

Health: -19/107    AC: 10    Str: 19    XL:     15   Next: 61%
Magic:  35/35      EV: 20    Int: 22    God:    Gozag
Gold:   1070       SH: 17    Dex: 14    Spells: 7/28 levels left

rFire    + . .     SeeInvis .     - Unarmed
rCold    + . .     Gourm    .   a - +1 shield
rNeg     . . .     Faith    .   (helmet restricted)
rPois    +         Spirit   .   t - +4 amulet of reflection
rElec    .         Reflect  +   g - ring of magical power
rCorr    .         Harm     .   l - +6 ring of evasion
MR       +....                  v - ring of poison resistance
Stlth    +++.......             A - +5 ring of protection
HPRegen  0.27/turn              p - +4 ring of protection
MPRegen  0.24/turn              y - +4 ring of intelligence
                                Q - ring of Immorality {Wiz rF+ Int+3 Dex+2 Stlth+}
                                m - ring of protection from cold

@: very slightly contaminated
A: almost no armour, stealthy swim, amphibious, 8 rings, constrict 8, tentacle
spike 1, camouflage 1, strong 1, gelatinous body 1
a: Potion Petition, Call Merchant, Bribe Branch, Renounce Religion


You were on level 1 of the Snake Pit.
You worshipped Gozag.
Gozag was most pleased with you.
You were not hungry.

You visited 5 branches of the dungeon, and saw 22 of its levels.
You also visited: Sewer and Gauntlet.

You collected 6240 gold pieces.
You spent 4410 gold pieces at shops.
You paid 760 gold pieces to Gozag.

Inventory:

Hand Weapons
 C - the +9 staff of Olgreb {rPois}
   (You found it in a Gauntlet)

   It protects you from poison.
Missiles
 n - 23 tomahawks (quivered)
 N - a throwing net
 S - 14 javelins
Armour
 a - a +1 shield (worn)
Magical Staves
 F - an uncursed staff of death
Jewellery
 g - a ring of magical power (left tentacle)
 l - a +6 ring of evasion (right tentacle)
 m - a ring of protection from cold (on tentacle)
 p - a +4 ring of protection (on tentacle)
 t - a +4 amulet of reflection (around mantle)
 u - an uncursed ring of fire
 v - a ring of poison resistance (on tentacle)
 y - a +4 ring of intelligence (on tentacle)
 A - a +5 ring of protection (on tentacle)
 J - an uncursed ring of ice
 Q - the ring of Immorality (on tentacle) {Wiz rF+ Int+3 Dex+2 Stlth+}
   (You found it in a Gauntlet)

   [ring of wizardry]

   It improves your spell success rate.
   It affects your intelligence (+3).
   It affects your dexterity (+2).
   It protects you from fire.
   It makes you more stealthy.
Wands
 w - a wand of clouds (11)
 z - a wand of digging (11)
 D - a wand of polymorph (12)
 G - a wand of paralysis (17)
 U - a wand of disintegration (18)
 W - a wand of flame (20)
 X - a wand of enslavement (4)
 Y - a wand of scattershot (3)
Scrolls
 d - 3 scrolls of blinking
 e - 10 scrolls of remove curse
 f - 12 scrolls of teleportation
 i - 8 scrolls of amnesia
 r - 5 scrolls of immolation
 E - a scroll of noise
 H - 3 scrolls of fog
 I - 2 scrolls of enchant armour
 K - a scroll of holy word
 T - 3 scrolls of identify
Potions
 b - 4 potions of might
 h - a potion of resistance
 j - 3 potions of magic
 k - 7 potions of curing
 o - a potion of ambrosia
 q - a potion of degeneration
 s - 7 potions of flight
 x - 4 potions of brilliance
 B - a potion of berserk rage
 L - a potion of heal wounds
 M - a potion of cancellation
 O - a potion of agility
 R - 2 potions of lignification
 V - a potion of haste
Miscellaneous
 P - 2 boxes of beasts
Comestibles
 c - 30 rations


   Skills:
 + Level 11.2 Fighting
 - Level 3.6 Dodging
 - Level 10.7 Shields
 - Level 11.2 Unarmed Combat
 - Level 7.3 Spellcasting
 - Level 6.0 Charms
 - Level 13.0 Transmutations
 - Level 5.0 Fire Magic
 * Level 8.1 Earth Magic
 - Level 6.1 Poison Magic
 - Level 5.4 Evocations


You had 7 spell levels left.
You knew the following spells:

 Your Spells              Type           Power        Failure   Level  Hunger
a - Ice Form              Ice/Tmut       #####...     4%          4    ###....
b - Hydra Form            Tmut           ######....   4%          6    ######.
c - Song of Slaying       Chrm           ####....     1%          2    None
d - Ignite Poison         Fire/Tmut/Pois #####...     1%          3    None
e - Statue Form           Tmut/Erth      ######...    11%         6    ######.

Your spell library contained the following spells:

 Spells                   Type           Power        Failure   Level  Hunger
 Beastly Appendage        Tmut           ######       1%          1    None
 Infusion                 Chrm           ####         1%          1    None
 Sticks to Snakes         Tmut           ######..     1%          2    None
 Spider Form              Tmut/Pois      ######....   1%          3    None
 Petrify                  Tmut/Erth      ######..     1%          4    ###....
 Blade Hands              Tmut           ######....   1%          5    #####..
 Shroud of Golubria       Chrm/Tloc      ###.......   2%          2    None
 Swiftness                Chrm/Air       ###.....     2%          2    None
 Stone Arrow              Conj/Erth      ####..       3%          3    None
 Alistair's Intoxication  Tmut/Pois      ######..     3%          5    #####..
 Regeneration             Chrm/Necr      ###.......   4%          3    None
 Spectral Weapon          Hex/Chrm       ###.....     4%          3    None
 Apportation              Tloc           #.....       6%          1    None
 Corona                   Hex            #......      6%          1    None
 Magic Dart               Conj           #...         6%          1    None
 Shock                    Conj/Air       #...         6%          1    None
 Summon Butterflies       Summ           #.......     6%          1    None
 Conjure Flame            Conj/Fire      ###.....     6%          3    None
 Inner Flame              Hex/Fire       ###.....     6%          3    None
 Mephitic Cloud           Conj/Pois/Air  ###.....     8%          3    None
 Blink                    Tloc           N/A          9%          2    None
 Call Imp                 Summ           #.......     9%          2    None
 Corpse Rot               Necr           N/A          9%          2    None
 Slow                     Hex            #.......     9%          2    None
 Sublimation of Blood     Necr           #.........   9%          2    None
 Leda's Liquefaction      Hex/Erth       ####......   11%         4    ###....
 Irradiate                Conj/Tmut      #####.....   11%         5    #####..
 Lesser Beckoning         Tloc           #.........   16%         3    None
 Portal Projectile        Hex/Tloc       #.....       16%         3    None
 Static Discharge         Conj/Air       #.......     16%         3    None
 Tukima's Dance           Hex            #.......     16%         3    None
 Dragon Form              Tmut           ######....   22%         7    #######
 Airstrike                Air            #.........   45%         4    ###....
 Cause Fear               Hex            #.........   45%         4    ###....
 Lightning Bolt           Conj/Air       #.........   80%         5    #####..
 Summon Forest            Summ/Tloc      #.........   80%         5    #####..
 Dispersal                Tloc           #.........   100%        6    ######.
 Invisibility             Hex            #.......     100%        6    ######.
 Haunt                    Necr/Summ      #.........   100%        7    #######
 Summon Hydra             Summ           #.........   100%        7    #######
 Borgnjor's Revivificati  Necr           #.........   100%        8    #######
 Controlled Blink         Tloc           N/A          100%        8    #######
 Death's Door             Chrm/Necr      ###.......   100%        8    #######
 Infestation              Necr           #.........   100%        8    #######
 Necromutation            Tmut/Necr      #####.....   100%        8    #######


Dungeon Overview and Level Annotations

Branches:
Dungeon (12/15)            Temple (1/1) D:7            Lair (6/6) D:11
 Shoals (0/4) Lair:4        Snake (1/4) Lair:4        Slime (0/5) Lair:5
    Orc (2/2) D:12            Elf (0/3) Orc:2

Altars:
Ashenzari
Cheibriados
Dithmenos
Elyvilon
Fedhas
Gozag
Hepliaklqana
Kikubaaqudgha
Makhleb
Nemelex Xobeh
Okawaru
Qazlal
Ru
Sif Muna
Trog
Uskayaw
Vehumet
Wu Jian
Xom
Yredelemnul
The Shining One
Beogh
Jiyva

Shops:
D:10 :   Orc:2 }==}

Portals:
Trove: D:12 (show abyssal rune of Zot)

Annotations:
D:12 3 runed translucent doors, sdfsdf's ghost, journeyman DDFi
Lair:5 exclusion: 2 oklob plants


Innate Abilities, Weirdness & Mutations

You cannot wear most types of armour.
You are very stealthy in the water. (Stealth+)
You are amphibious.
You can wear up to eight rings at the same time.
You can use your tentacles to constrict eight enemies at once.
Your skin changes colour to match your surroundings (Stealth+).
Your rubbery body absorbs attacks. (AC +1, EV +1)
One of your tentacles bears a spike.
Your muscles are strong. (Str +2)


Message History

Okay, then.
Press: ? - help, v - describe, . - travel
Here: a shock serpent The floor.
Evoke which item? (* to show all) (? for menu, Esc to quit)
Aiming: Paralyse
Press: ? - help, Shift-Dir - straight line, f - shock serpent
Aim: a shock serpent (chance to defeat MR: 45%)
Okay, then.
Blink to where?
Press: ? - help, Dir - move target cursor You are very lightly contaminated with residual magic.
As you read the scroll of blinking, it crumbles to dust.
Your transformation has ended.
Your +1 shield unmelds from your body.
The shock serpent shoots out a bolt of lightning at you!
The bolt of electricity misses the black mamba.
The bolt of electricity misses you. The bolt of electricity hits you!!
You die...
Your body crumbles into a pile of gold.

########
#@.....#
#......#
#S.....#
#......#
###.#.####
#.§S#.#
######.##..#
#......# .##
##.######


You could see a shock serpent and a black mamba.

Vanquished Creatures
  Donald (Snake:1)
  Louise (Snake:1)
  A minotaur (Gauntlet)
  Erolcha (D:11)
  6 hydras
  Fannar (D:12)
  A catoblepas (Lair:2)
  14 two-headed ogres
  6 death yaks
  A death scarab (Gauntlet)
  2 ogre magi
  A fire crab (Lair:5)
  2 deep trolls
  2 unseen horrors (D:11)
  4 orc sorcerers
  An orc knight (Orc:2)
  4 cyclopes
  An ugly thing (D:11)
  2 manticores
  6 black mambas
  An apocalypse crab (Gauntlet)
  A centaur zombie (D:12)
  21 spiny frogs
  2 torpor snails
  2 komodo dragons (Lair:6)
  2 rime drakes
  3 polar bears
  10 trolls
  5 tyrant leeches (Lair:6)
  A queen bee (Lair:1)
  Grinder (D:6)
  26 blink frogs
  10 hippogriffs
  A centaur simulacrum (D:11)
  2 wyverns
  A wraith (D:10)
  46 yaks
  2 hogs (D:12)
  A human (D:12)
  4 basilisks
  A spectral komodo dragon (Gauntlet)
  A neqoxec (Gauntlet)
  6 vampire mosquitoes (Lair:6)
  3 hungry ghosts
  4 nagas
  13 water moccasins
  Purgy (Sewer)
  5 ice beasts
  2 black bears
  16 orc warriors
  2 porcupines
  3 sky beasts
  2 necrophages
  2 phantoms
  6 wolves
  42 ogres
  12 centaurs
  14 crocodiles
  20 bullfrogs
  A wyvern skeleton (D:6)
  3 scorpions
  A troll zombie (D:12)
  29 killer bees
  5 wights (D:11)
  6 electric eels
  4 crimson imps
  3 bullfrog zombies
  11 hounds
  A quasit (D:8)
  23 orc wizards
  4 jellies
  10 orc priests
  2 centaur skeletons
  2 bullfrog skeletons (D:12)
  5 iguanas
  Terence (D:3)
  11 worker ants
  A bullfrog simulacrum (D:11)
  7 ogre zombies (D:12)
  2 hound skeletons
  2 worker ant zombies
  14 adders
  3 shadow imps
  A white imp (D:11)
  2 worker ant simulacra (D:11)
  An ooze (D:2)
  3 worms
  A dart slug (D:3)
  6 leopard geckos
  62 orcs
  2 giant cockroaches (D:4)
  10 goblins
  4 hobgoblins
  4 jackals
  5 quokkas
  3 ball pythons (Sewer)
  5 bats
  4 frilled lizards
  A goblin skeleton (D:12)
  3 goblin zombies (D:12)
  2 hobgoblin zombies (D:12)
  A jackal zombie (D:5)
  13 kobolds
  2 leopard gecko skeletons
  3 orc skeletons (D:12)
  16 orc zombies (D:12)
  A quokka zombie (D:8)
  7 rats
  6 fungi
  5 plants (Lair:6)
679 creatures vanquished.

Vanquished Creatures (others)
  A cyclops (D:12)
  A centaur (D:12)
  2 orcs
  A demonic plant (Gauntlet)
  4 fungi (Lair:6)
  23 plants
  4 toadstools (D:1)
36 creatures vanquished.

Grand Total: 715 creatures vanquished

Notes
Turn   | Place    | Note
-------+----------+-------------------------------------------
     0 | D:1      | vishdafish the Octopode Fighter began the quest for the
                  | Orb.
     0 | D:1      | Reached XP level 1. HP: 16/16 MP: 1/1
   417 | D:1      | Reached XP level 2. HP: 21/21 MP: 2/2
   854 | D:2      | Reached XP level 3. HP: 26/26 MP: 3/3
   927 | D:2      | Reached XP level 4. HP: 23/31 MP: 4/4
  1696 | D:3      | Reached XP level 5. HP: 36/36 MP: 5/5
  1776 | D:3      | Noticed Terence
  1788 | D:3      | Killed Terence
  2054 | D:3      | Reached skill level 5 in Shields
  2054 | D:3      | Reached XP level 6. HP: 11/42 MP: 6/6
  2498 | D:4      | Reached skill level 5 in Unarmed Combat
  2640 | D:4      | Reached XP level 7. HP: 46/46 MP: 7/7
  3139 | D:5      | Entered Level 5 of the Dungeon
  3149 | D:5      | You fall through a shaft for 3 floors!
  3372 | D:6      | Found a burning altar of Makhleb.
  3575 | D:6      | Found a sparkling altar of Nemelex Xobeh.
  3606 | D:6      | Reached XP level 8. HP: 31/52 MP: 8/8
  3661 | D:6      | Noticed Grinder
  3667 | D:6      | Killed Grinder
  3859 | D:6      | Found a glowing drain.
  3872 | Sewer    | Entered a sewer
  3889 | Sewer    | Noticed Purgy
  3905 | Sewer    | Killed Purgy
  4452 | D:5      | Reached XP level 9. HP: 47/56 MP: 9/9
  5047 | D:5      | Found a sparkling altar of Nemelex Xobeh.
  5629 | D:7      | Found a staircase to the Ecumenical Temple.
  5670 | Temple   | Entered the Ecumenical Temple
  5758 | Temple   | Became a worshipper of Gozag Ym Sagoz the Greedy
  6705 | D:8      | Reached skill level 10 in Shields
  7113 | D:8      | Reached skill level 10 in Unarmed Combat
  7113 | D:8      | Reached XP level 10. HP: 27/63 MP: 10/10
  7347 | D:8      | Found a basalt altar of Yredelemnul.
  7372 | D:8      | Found an ancient bone altar of Kikubaaqudgha.
  7384 | D:8      | Found a deep blue altar of Sif Muna.
  7401 | D:8      | Found a radiant altar of Vehumet.
  7409 | D:8      | Identified Vehumet's Disquisition on Combat Magic
  7481 | D:9      | Found a shattered altar of Ashenzari.
  7888 | D:9      | Learned a level 4 spell: Ice Form
  7949 | D:9      | Found a glowing golden altar of the Shining One.
  8070 | D:9      | Found a bloodstained altar of Trog.
  8076 | D:9      | Reached skill level 1 in Spellcasting
  8480 | D:10     | Entered Level 10 of the Dungeon
  9153 | D:10     | Reached skill level 5 in Fighting
  9234 | D:11     | Noticed an eight-headed hydra
  9559 | D:11     | Killed an eight-headed hydra
  9559 | D:11     | Reached XP level 11. HP: 57/72 MP: 17/17
  9616 | D:11     | Reached skill level 5 in Spellcasting
 10114 | D:11     | Noticed a white ugly thing
 10125 | D:11     | Killed a white ugly thing
 10504 | D:12     | Noticed a manticore
 10513 | D:12     | Killed a manticore
 10748 | D:12     | Noticed Fannar
 10758 | D:12     | Killed Fannar
 10836 | D:12     | Noticed a cyclops
 10844 | D:12     | Found a portal to a secret trove of treasure.
 10868 | D:12     | Noticed a cyclops
 11422 | D:12     | Found a runed translucent gate.
 11422 | D:12     | Noticed an ettin
 11429 | D:12     | Killed a cyclops
 11546 | D:12     | Noticed a manticore
 11547 | D:12     | Noticed sdfsdf's ghost (journeyman DDFi)
 11547 | D:12     | Noticed an ettin
 11556 | D:12     | Found a runed translucent gate.
 11556 | D:12     | Found a runed translucent gate.
 11644 | D:12     | Reached skill level 1 in Transmutations
 11660 | D:12     | Killed a cyclops
 11813 | D:12     | Reached skill level 2 in Transmutations
 11819 | D:12     | Reached XP level 12. HP: 62/85 MP: 23/23
 11995 | D:12     | Found a staircase to the Orcish Mines.
 12331 | Orc:1    | Entered Level 1 of the Orcish Mines
 12344 | Orc:1    | Reached skill level 3 in Transmutations
 12571 | Orc:1    | Found a roughly hewn altar of Beogh.
 12805 | Orc:1    | Found a roughly hewn altar of Beogh.
 13165 | Orc:2    | Entered Level 2 of the Orcish Mines
 13171 | Orc:2    | Reached skill level 1 in Evocations
 13207 | Orc:2    | Found a staircase to the Elven Halls.
 13227 | Orc:1    | Reached skill level 4 in Transmutations
 13956 | Orc:2    | Noticed a soul eater
 14395 | Orc:2    | Found Fulus's Gadget Shop.
 14464 | Orc:1    | Reached skill level 5 in Transmutations
 14471 | Orc:1    | Reached skill level 5 in Evocations
 14777 | Orc:2    | Noticed a two-headed ogre
 14783 | Orc:2    | Noticed an ogre mage
 15008 | Orc:1    | Killed an ogre mage
 15183 | Orc:1    | Reached skill level 6 in Transmutations
 15460 | Orc:2    | Killed a two-headed ogre
 15468 | Orc:2    | Noticed a two-headed ogre
 15480 | Orc:2    | Killed a two-headed ogre
 15480 | Orc:2    | Reached skill level 7 in Transmutations
 15969 | Orc:2    | Noticed an ogre mage
 15980 | Orc:2    | Killed an ogre mage
 15980 | Orc:2    | Reached skill level 8 in Transmutations
 15980 | Orc:2    | Reached XP level 13. HP: 81/90 MP: 24/24
 16025 | Orc:2    | Reached skill level 9 in Transmutations
 16689 | Orc:2    | Reached skill level 10 in Transmutations
 17112 | Orc:2    | Found Ychithrekk's Jewellery Shop.
 17117 | Orc:2    | Found Syarrot's Jewellery Shoppe.
 17119 | Orc:2    | Bought a wand of scattershot (5) for 378 gold pieces
 17127 | Orc:2    | Found Yreabusk's Gadget Boutique.
 17139 | Orc:2    | Bought a +4 ring of protection for 468 gold pieces
 17145 | Orc:2    | Bought a wand of clouds (7) for 429 gold pieces
 17145 | Orc:2    | Bought a wand of paralysis (11) for 169 gold pieces
 17299 | D:10     | Bought a Fen Folio for 1200 gold pieces
 17306 | D:10     | Learned a level 6 spell: Hydra Form
 17469 | D:11     | Found a staircase to the Lair.
 17479 | Lair:1   | Entered Level 1 of the Lair of Beasts
 17583 | Lair:1   | Found a gate leading to a gauntlet.
 17592 | Gauntlet | Entered a Gauntlet
 17592 | Gauntlet | Found a transporter.
 17596 | Gauntlet | Found a transporter.
 17597 | Gauntlet | Found a transporter.
 17615 | Gauntlet | Found a transporter.
 17617 | Gauntlet | Found a transporter.
 17625 | Gauntlet | Found a runed translucent gate.
 17625 | Gauntlet | Found a runed translucent gate.
 17629 | Gauntlet | Found a runed translucent gate.
 17631 | Gauntlet | Found a transporter.
 17648 | Gauntlet | Noticed a great orb of eyes
 17651 | Gauntlet | Found a transporter.
 17661 | Gauntlet | Found a transporter.
 17671 | Gauntlet | Found a transporter.
 17694 | Gauntlet | Found a transporter.
 17712 | Gauntlet | Found a transporter.
 17764 | Gauntlet | Reached skill level 11 in Transmutations
 17765 | Gauntlet | HP: 2/90 [death scarab (8)]
 18114 | Gauntlet | Gained mutation: One of your tentacles bears a spike. [a
                  | neqoxec]
 18119 | Gauntlet | Found a transporter.
 18120 | Gauntlet | Found a transporter.
 18154 | Gauntlet | Got a fine bone ring
 18158 | Gauntlet | Identified the ring of Immorality {Wiz rF+ Int+3 Dex+2
                  | Stlth+} (You found it in a Gauntlet)
 18186 | Gauntlet | Identified the +3 bardiche "Jellyslayer" {venom, rElec
                  | rC++}
 18186 | Gauntlet | Noticed a minotaur
 18197 | Gauntlet | Killed a minotaur
 18204 | Gauntlet | Found the +9 staff of Olgreb {rPois}
 18205 | Gauntlet | Got a heavily runed buckler
 18257 | Gauntlet | Identified the +3 buckler of Oxtum {-Cast MR++ Dex+2 SInv}
                  | (You found it in a Gauntlet)
 18961 | Lair:2   | Reached skill level 12 in Transmutations
 19658 | Lair:3   | Learned a level 2 spell: Song of Slaying
 19662 | Lair:3   | Learned a level 3 spell: Ignite Poison
 19682 | Lair:3   | Reached skill level 13 in Transmutations
 19682 | Lair:3   | Reached XP level 14. HP: 97/97 MP: 25/25
 19683 | Lair:3   | Reached skill level 1 in Charms
 20343 | Lair:4   | Found a staircase to the Snake Pit.
 20352 | Lair:4   | Reached skill level 5 in Charms
 20360 | Lair:4   | Found a staircase to the Shoals.
 20842 | Lair:5   | You fall through a shaft!
 20842 | Lair:6   | Entered Level 6 of the Lair of Beasts
 20849 | Lair:6   | Reached skill level 1 in Poison Magic
 20850 | Lair:6   | Reached skill level 1 in Fire Magic
 21072 | Lair:6   | Reached skill level 5 in Poison Magic
 21356 | Lair:5   | Reached skill level 5 in Fire Magic
 21693 | Lair:5   | Found a viscous altar of Jiyva.
 21694 | Lair:5   | Found a staircase to the Slime Pits.
 22274 | Lair:5   | Learned a level 6 spell: Statue Form
 22283 | Lair:6   | Reached skill level 1 in Earth Magic
 22304 | Lair:6   | Reached skill level 10 in Fighting
 22536 | Lair:6   | Reached XP level 15. HP: 103/103 MP: 26/26
 23012 | Lair:6   | Reached skill level 5 in Earth Magic
 23271 | Lair:6   | Identified the Tome of Icy Orientation
 23632 | Lair:6   | Lost mutation: One of your tentacles bears a spike. [potion
                  | of mutation]
 23632 | Lair:6   | Gained mutation: One of your tentacles bears a spike.
                  | [potion of mutation]
 23632 | Lair:6   | Lost mutation: One of your tentacles bears a spike. [potion
                  | of mutation]
 23632 | Lair:6   | Gained mutation: Your muscles are strong. (Str +2) [potion
                  | of mutation]
 23632 | Lair:6   | Gained mutation: One of your tentacles bears a spike.
                  | [potion of mutation]
 24286 | D:11     | Noticed Erolcha
 24317 | D:11     | Killed Erolcha
 24464 | D:10     | Bought a Necronomicon for 1766 gold pieces
 24617 | Snake:1  | Entered Level 1 of the Snake Pit
 24626 | Snake:1  | Noticed Donald
 24636 | Snake:1  | Killed Donald
 24675 | Snake:1  | Noticed Louise
 24689 | Snake:1  | Killed Louise
 24717 | Snake:1  | HP: 5/139 [black mamba (7)]
 24718 | Snake:1  | Killed from afar by a shock serpent

Skill      XL: |  1  2  3  4  5  6  7  8  9 10 11 12 13 14 15 |
---------------+----------------------------------------------+-----
Unarmed Combat | 3 4 5 6 8 10 11 | 11.2
Shields        | 4 5 7 8 10 | 10.7
Spellcasting   | 4 7 |  7.3
Fighting       | 6 9 10 11 | 11.2
Transmutations | 2 8 13 | 13.0
Evocations     | 5 |  5.4
Charms         | 6 |  6.0
Poison Magic   | 6 |  6.1
Fire Magic     | 5 |  5.0
Earth Magic    | 3 8 |  8.1
Dodging        | |  3.6

Action                   |  1- 3 |  4- 6 |  7- 9 | 10-12 | 13-15 || total
-------------------------+-------+-------+-------+-------+-------++-------
Melee: Unarmed           |    54 |   127 |   273 |   810 |   805 ||  2069
       Constrict         |    14 |    36 |    42 |   107 |    20 ||   219
       Tentacles         |    14 |    29 |    66 |   175 |    73 ||   357
       Punch             |       |     2 |    17 |    74 |    42 ||   135
       Kick              |       |       |       |       |    83 ||    83
Throw: Tomahawk          |       |       |       |    20 |    25 ||    45
 Cast: Hydra Form        |       |       |       |       |    41 ||    41
Invok: Call Merchant     |       |       |       |     1 |       ||     1
       Potion Petition   |       |       |       |       |     1 ||     1
Evoke: Wand              |       |       |     1 |    57 |    12 ||    70
       Staff of Olgreb   |       |       |       |       |     3 ||     3
  Use: Scroll            |       |     5 |    11 |     5 |    14 ||    35
       Potion            |       |     1 |     2 |    13 |     5 ||    21
 Stab: Sleeping          |     6 |     4 |     7 |     8 |     1 ||    26
       Distracted        |       |       |       |     6 |     7 ||    13
       Paralysed         |       |       |       |       |     7 ||     7
       Confused          |       |       |       |       |     1 ||     1
  Eat: Chunk             |       |     5 |    10 |       |       ||    15
       Ration            |       |       |     1 |    10 |    14 ||    25
Armor: Skin              |     7 |     1 |    16 |    48 |   158 ||   230
Dodge: Dodged            |    17 |    55 |   138 |   264 |   405 ||   879
Block: Shield            |    34 |    47 |   202 |   541 |   222 ||  1046
       Reflection        |       |       |     6 |    31 |     6 ||    43
       Other             |       |       |       |       |    75 ||    75
